TOP OF THE 1ST |
Seattle Mariners batting - Pitching for Chicago White Sox : RHP Kevin Woods
|
Pitching: RHP Kevin Woods
|
|
Batting: RHB Jose Vasquez
|
0-0: Ball 1-0: Called Strike 1-1: Ground out 6-3 (Groundball, 56D, EV 92.5 MPH)
|
Batting: LHB Dae-ik Yoon
|
0-0: Ball 1-0: Called Strike 1-1: Swinging Strike 1-2: Strikes out swinging
|
Batting: SHB Floyd-William Goof
|
0-0: Called Strike 0-1: Ball 1-1: Fly out, F6 (Popup, 6M, EV 60.0 MPH)
|
Top of the 1st over - 0 runs, 0 hits, 0 errors, 0 left on base; Seattle 0 - Chicago 0 |
BOTTOM OF THE 1ST |
Chicago White Sox batting - Pitching for Seattle Mariners : LHP Angel Contreras
|
Pitching: LHP Angel Contreras
|
|
Batting: SHB Dan Lash
|
0-0: Ball 1-0: Swinging Strike 1-1: Swinging Strike 1-2: SINGLE (Groundball, 6MD, EV 104.4 MPH)
|
Batting: RHB Steve Castleberry
|
0-0: Called Strike 0-1: Ball Dan Lash steals 2nd base 1-1: Foul Ball, location: 2F 1-2: Ball 2-2: Foul Ball, location: 2F 2-2: Ball 3-2: Foul Ball, location: 2F 3-2: Foul Ball, location: 2F 3-2: Foul Ball, location: 2F 3-2: Base on Balls
|
Batting: RHB Joseph Disepolo
|
0-0: Ball 1-0: Ball 2-0: Called Strike 2-1: Ball 3-1: Foul Ball, location: 2F 3-2: Base on Balls Dan Lash to third Steve Castleberry to second
|
Batting: LHB Randy Rosenberry
|
0-0: Swinging Strike 0-1: Called Strike 0-2: Strikes out swinging
|
Batting: RHB Rocky Campbell
|
0-0: Ball 1-0: Ground out 5-3 (Groundball, 56S, EV 74.4 MPH) Dan Lash scores Steve Castleberry to third Joseph Disepolo to second
|
Batting: RHB Hiroshige Yamada
|
0-0: Called Strike 0-1: Ball 1-1: Ball 2-1: Called Strike 2-2: Fly out, F3 (Popup, 3SF, EV 74.4 MPH)
|
Bottom of the 1st over - 1 run, 1 hit, 0 errors, 2 left on base; Seattle 0 - Chicago 1 |
TOP OF THE 2ND |
Seattle Mariners batting - Pitching for Chicago White Sox : RHP Kevin Woods
|
Batting: SHB Tze-meng Gan
|
0-0: Ball 1-0: Ground out 5-3 (Groundball, 5, EV 106.3 MPH)
|
Batting: LHB Bi-jun Chien
|
0-0: Foul Ball, location: 2F 0-1: Called Strike 0-2: Foul Ball, location: 2F 0-2: Strikes out swinging
|
Batting: RHB Steve Bartman Jr.
|
0-0: Ball 1-0: Ball 2-0: Called Strike 2-1: Ball 3-1: Called Strike 3-2: Base on Balls
|
Batting: LHB John Zumbo
|
0-0: Ball 1-0: Foul Ball, location: 2F 1-1: Ball 2-1: Called Strike 2-2: Strikes out swinging
|
Top of the 2nd over - 0 runs, 0 hits, 0 errors, 1 left on base; Seattle 0 - Chicago 1 |
BOTTOM OF THE 2ND |
Chicago White Sox batting - Pitching for Seattle Mariners : LHP Angel Contreras
|
Batting: SHB Cesar Herrera
|
0-0: Foul Ball, location: 2F 0-1: Swinging Strike 0-2: Hit by Pitch
|
Batting: RHB Jason Moss
|
0-0: Ball 1-0: Ball 2-0: Fly out, F9 (Flyball, 89M, EV 87.5 MPH)
|
Batting: LHB Antonio Figueroa
|
0-0: Ball 1-0: Swinging Strike 1-1: Ball 2-1: Called Strike 2-2: Strikes out looking
|
Batting: SHB Dan Lash
|
0-0: SINGLE (Groundball, 6MD, EV 102.5 MPH) Cesar Herrera to second Runner from 2nd tries for 3rd, SAFE, throw by CF made at trailing runner, OUT! 8-4
|
Bottom of the 2nd over - 0 runs, 1 hit, 0 errors, 1 left on base; Seattle 0 - Chicago 1 |
TOP OF THE 3RD |
Seattle Mariners batting - Pitching for Chicago White Sox : RHP Kevin Woods
|
Batting: RHB Young-kwang Ohnn
|
0-0: Ball 1-0: Ball 2-0: Called Strike 2-1: Called Strike 2-2: Ball 3-2: SINGLE (Groundball, 6S, EV 69.4 MPH) (infield hit)
|
Batting: RHB Corey Ottinger
|
0-0: Ball 1-0: Ball 2-0: Called Strike 2-1: Grounds into double play, 5-4-3 (Groundball, 56, EV 83.1 MPH)
|
Batting: RHB Jose Vasquez
|
0-0: Hit by Pitch
|
Batting: LHB Dae-ik Yoon
|
0-0: Ball 1-0: Called Strike 1-1: Ball 2-1: Foul Ball, location: 2F 2-2: Foul Ball, location: 2F 2-2: Ball 3-2: Ground out U3 (Groundball, 3L, EV 81.9 MPH)
|
Top of the 3rd over - 0 runs, 1 hit, 0 errors, 1 left on base; Seattle 0 - Chicago 1 |
BOTTOM OF THE 3RD |
Chicago White Sox batting - Pitching for Seattle Mariners : LHP Angel Contreras
|
Batting: RHB Steve Castleberry
|
0-0: Ball 1-0: Ball 2-0: Ball 3-0: Foul Ball, location: 2F 3-1: SINGLE (Groundball, 25, EV 70.0 MPH) (infield hit)
|
Batting: RHB Joseph Disepolo
|
0-0: Ball 1-0: Ball 2-0: Foul Ball, location: 2F 2-1: Ball 3-1: Base on Balls Steve Castleberry to second
|
Batting: LHB Randy Rosenberry
|
0-0: Ball 1-0: Called Strike 1-1: Ball 2-1: Foul Ball, location: 2F 2-2: Ball 3-2: Foul Ball, location: 2F 3-2: Foul Ball, location: 2F 3-2: Base on Balls Steve Castleberry to third Joseph Disepolo to second
|
Batting: RHB Rocky Campbell
|
0-0: Swinging Strike 0-1: Called Strike 0-2: Hit by Pitch Steve Castleberry scores Joseph Disepolo to third Randy Rosenberry to second
|
Batting: RHB Hiroshige Yamada
|
0-0: Ball 1-0: Called Strike 1-1: Ball 2-1: Called Strike 2-2: Foul Ball, location: 2F 2-2: Foul Ball, location: 2F 2-2: Foul Ball, location: 2F 2-2: Ball 3-2: Grounds into double play, 6-4-3 (Groundball, 6, EV 98.1 MPH) Joseph Disepolo scores Randy Rosenberry to third
|
Batting: SHB Cesar Herrera
|
0-0: Called Strike 0-1: Fly out, F7 (Line Drive, 7, EV 93.8 MPH)
|
Bottom of the 3rd over - 2 runs, 1 hit, 0 errors, 1 left on base; Seattle 0 - Chicago 3 |
TOP OF THE 4TH |
Seattle Mariners batting - Pitching for Chicago White Sox : RHP Kevin Woods
|
Batting: SHB Floyd-William Goof
|
0-0: Ball 1-0: Ball 2-0: Called Strike 2-1: Ball 3-1: Foul Ball, location: 2F 3-2: DOUBLE (Line Drive, 8LXD, EV 101.3 MPH)
|
Batting: SHB Tze-meng Gan
|
0-0: Foul Ball, location: 2F 0-1: Ball 1-1: Foul Ball, location: 2F 1-2: Ball 2-2: Foul Ball, location: 2F 2-2: Strikes out swinging
|
Batting: LHB Bi-jun Chien
|
0-0: Ball 1-0: Ball 2-0: Swinging Strike 2-1: Swinging Strike 2-2: Ball 3-2: Strikes out swinging
|
Batting: RHB Steve Bartman Jr.
|
0-0: Called Strike 0-1: Foul Ball, location: 2F 0-2: Ground out 6-3 (Groundball, 6, EV 81.3 MPH)
|
Top of the 4th over - 0 runs, 1 hit, 0 errors, 1 left on base; Seattle 0 - Chicago 3 |
BOTTOM OF THE 4TH |
Chicago White Sox batting - Pitching for Seattle Mariners : LHP Angel Contreras
|
Batting: RHB Jason Moss
|
0-0: Ball 1-0: Foul Ball, location: 2F 1-1: Fly out, F6 (Flyball, 56D, EV 96.3 MPH)
|
Pitching: RHP Takaaki Nakada
|
|
Batting: LHB Antonio Figueroa
|
0-0: Ball 1-0: Ball 2-0: Foul Ball, location: 2F 2-1: Ball 3-1: Base on Balls
|
Batting: SHB Dan Lash
|
0-0: Ball 1-0: Ball 2-0: Foul Ball, location: 2F 2-1: Ball 3-1: Called Strike 3-2: Fly out, F4 (Line Drive, 4, EV 64.4 MPH)
|
Batting: RHB Steve Castleberry
|
0-0: Ball 1-0: DOUBLE (Flyball, 7LD, EV 103.8 MPH) Antonio Figueroa to third Runner from 3rd tries for Home, SAFE, throw by LF to trailing runner, OUT at third! 7-3-5
|
Bottom of the 4th over - 1 run, 1 hit, 0 errors, 0 left on base; Seattle 0 - Chicago 4 |
TOP OF THE 5TH |
Seattle Mariners batting - Pitching for Chicago White Sox : RHP Kevin Woods
|
Batting: LHB John Zumbo
|
0-0: Ball 1-0: SINGLE (Line Drive, 8RS, EV 91.3 MPH)
|
Batting: RHB Young-kwang Ohnn
|
0-0: Foul Ball, location: 2F 0-1: Fly out, F3 (Popup, 34S, EV 65.6 MPH)
|
Batting: RHB Corey Ottinger
|
0-0: Grounds into double play, 5-4-3 (Groundball, 5, EV 88.1 MPH)
|
Top of the 5th over - 0 runs, 1 hit, 0 errors, 0 left on base; Seattle 0 - Chicago 4 |
BOTTOM OF THE 5TH |
Chicago White Sox batting - Pitching for Seattle Mariners : RHP Takaaki Nakada
|
Batting: RHB Joseph Disepolo
|
0-0: Ball 1-0: SINGLE (Line Drive, 3D, EV 97.5 MPH)
|
Batting: LHB Randy Rosenberry
|
0-0: DOUBLE (Flyball, 7LD, EV 99.4 MPH) Joseph Disepolo to third
|
Batting: RHB Rocky Campbell
|
0-0: Called Strike 0-1: SINGLE (Line Drive, 9S, EV 111.9 MPH) Joseph Disepolo scores Randy Rosenberry to third
|
Batting: RHB Hiroshige Yamada
|
0-0: Ball 1-0: Grounds into double play, 5-4-3 (Groundball, 56S, EV 86.3 MPH) Randy Rosenberry scores
|
Pitching: RHP Jesse Crockett
|
|
Batting: SHB Cesar Herrera
|
0-0: Foul Ball, location: 2F 0-1: Foul Ball, location: 2F 0-2: Ball 1-2: Ball 2-2: SINGLE (Flyball, 8RS, EV 93.1 MPH)
|
Batting: RHB Jason Moss
|
0-0: Ball 1-0: Foul Ball, location: 2F 1-1: Ball 2-1: Ground out 1-3 (Groundball, 34S, EV 73.1 MPH)
|
Bottom of the 5th over - 2 runs, 4 hits, 0 errors, 1 left on base; Seattle 0 - Chicago 6 |
TOP OF THE 6TH |
Seattle Mariners batting - Pitching for Chicago White Sox : RHP Kevin Woods
|
Batting: RHB Jose Vasquez
|
0-0: Ball 1-0: Foul Ball, location: 2F 1-1: Swinging Strike 1-2: Strikes out looking
|
Batting: LHB Dae-ik Yoon
|
0-0: Ball 1-0: SINGLE (Line Drive, 4MD, EV 97.5 MPH)
|
Batting: SHB Floyd-William Goof
|
0-0: Grounds into double play, 6-4-3 (Groundball, 56, EV 89.4 MPH)
|
Top of the 6th over - 0 runs, 1 hit, 0 errors, 0 left on base; Seattle 0 - Chicago 6 |
BOTTOM OF THE 6TH |
Chicago White Sox batting - Pitching for Seattle Mariners : RHP Jesse Crockett
|
Batting: LHB Antonio Figueroa
|
0-0: Called Strike 0-1: Called Strike 0-2: Ball 1-2: Strikes out swinging
|
Batting: SHB Dan Lash
|
0-0: Ball 1-0: Ball 2-0: Fly out, F9 (Flyball, 89S, EV 94.4 MPH)
|
Batting: RHB Steve Castleberry
|
0-0: Fly out, F8 (Flyball, 78D, EV 91.9 MPH)
|
Bottom of the 6th over - 0 runs, 0 hits, 0 errors, 0 left on base; Seattle 0 - Chicago 6 |
TOP OF THE 7TH |
Seattle Mariners batting - Pitching for Chicago White Sox : RHP Kevin Woods
|
Batting: SHB Tze-meng Gan
|
0-0: Called Strike 0-1: Ball 1-1: Ball 2-1: Swinging Strike 2-2: Ball 3-2: Ground out 6-3 (Groundball, 56, EV 106.3 MPH)
|
Batting: LHB Bi-jun Chien
|
0-0: Called Strike 0-1: Ball 1-1: Ball 2-1: Ground out U3 (Groundball, 3, EV 91.3 MPH)
|
Batting: RHB Steve Bartman Jr.
|
0-0: Swinging Strike 0-1: Ball 1-1: Ball 2-1: Called Strike 2-2: Fly out, F7 (Flyball, 78M, EV 79.4 MPH)
|
Top of the 7th over - 0 runs, 0 hits, 0 errors, 0 left on base; Seattle 0 - Chicago 6 |
BOTTOM OF THE 7TH |
Chicago White Sox batting - Pitching for Seattle Mariners : RHP Jesse Crockett
|
Batting: RHB Joseph Disepolo
|
0-0: DOUBLE (Flyball, 8RXD, EV 103.1 MPH)
|
Batting: LHB Randy Rosenberry
|
0-0: Ball 1-0: Fly out, F8 (Flyball, 8LS, EV 89.4 MPH)
|
Batting: RHB Rocky Campbell
|
0-0: Foul Ball, location: 2F 0-1: Fly out, F7 (Flyball, 7S, EV 94.4 MPH)
|
Batting: RHB Hiroshige Yamada
|
0-0: Foul Ball, location: 2F 0-1: Ground out 5-3 (Groundball, 56S, EV 88.1 MPH)
|
Bottom of the 7th over - 0 runs, 1 hit, 0 errors, 1 left on base; Seattle 0 - Chicago 6 |
TOP OF THE 8TH |
Seattle Mariners batting - Pitching for Chicago White Sox : RHP Kevin Woods
|
Pitching: RHP Jeremy Fraraccio
|
|
Batting: LHB John Zumbo
|
0-0: Swinging Strike 0-1: Ball 1-1: Ground out 4-3 (Groundball, 34D, EV 106.9 MPH)
|
Batting: RHB Young-kwang Ohnn
|
0-0: Called Strike 0-1: Fly out, F8 (Flyball, 8RM, EV 83.8 MPH)
|
Batting: RHB Corey Ottinger
|
0-0: Ball 1-0: Called Strike 1-1: Ground out 5-3 (Groundball, 56S, EV 73.1 MPH)
|
Top of the 8th over - 0 runs, 0 hits, 0 errors, 0 left on base; Seattle 0 - Chicago 6 |
BOTTOM OF THE 8TH |
Chicago White Sox batting - Pitching for Seattle Mariners : RHP Jesse Crockett
|
Batting: SHB Cesar Herrera
|
0-0: Swinging Strike 0-1: Ball 1-1: Ball 2-1: Ball 3-1: Called Strike 3-2: Foul Ball, location: 2F 3-2: Ground out 4-3 (Groundball, 4, EV 88.8 MPH)
|
Batting: RHB Jason Moss
|
0-0: Fly out, F4 (Flyball, 4MD, EV 90.6 MPH)
|
Batting: LHB Antonio Figueroa
|
0-0: Ball 1-0: Ball 2-0: Called Strike 2-1: Ball 3-1: Base on Balls
|
Batting: SHB Dan Lash
|
0-0: Called Strike 0-1: Swinging Strike 0-2: Foul Ball, location: 2F 0-2: Ball 1-2: Ball 2-2: Fly out, F5 (Popup, 5SF, EV 90.6 MPH)
|
Bottom of the 8th over - 0 runs, 0 hits, 0 errors, 1 left on base; Seattle 0 - Chicago 6 |
TOP OF THE 9TH |
Seattle Mariners batting - Pitching for Chicago White Sox : RHP Jeremy Fraraccio
|
Batting: RHB Jose Vasquez
|
0-0: Ball 1-0: Ball 2-0: Foul Ball, location: 2F 2-1: Foul Ball, location: 2F 2-2: Ground out 5-3 (Groundball, 56S, EV 87.5 MPH)
|
Batting: LHB Dae-ik Yoon
|
0-0: Ball 1-0: Ball 2-0: Called Strike 2-1: SINGLE (Line Drive, 8LS, EV 98.8 MPH)
|
Pitching: RHP Jerry JimAnez
|
|
Batting: SHB Floyd-William Goof
|
0-0: Ball 1-0: Ball 2-0: Hit by Pitch Dae-ik Yoon to second
|
Batting: SHB Tze-meng Gan
|
0-0: Called Strike 0-1: Swinging Strike 0-2: Foul Ball, location: 2F 0-2: Ball 1-2: Strikes out swinging
|
Batting: LHB Bi-jun Chien
|
0-0: Foul Ball, location: 2F 0-1: Swinging Strike 0-2: Foul Ball, location: 2F 0-2: Fly out, F8 (Flyball, 89D, EV 105.6 MPH)
|
Top of the 9th over - 0 runs, 1 hit, 0 errors, 2 left on base; Seattle 0 - Chicago 6 |
|